cohdb
Replays
Latest Replays
All Replays
Popular Replays
Top Player Replays
Match Explorer
How It Works
Community
CoH3 Stats
Reddit
Sign in to upload your games and track your stats! →
Sign in with Steam
Match 42787960
Unlisted
Match 42787960
Overview
Messages
Build Orders
End
Scout Squad
Selects Airborne Battlegroup
Selects Pathfinders
Construct Weapon Support Center
M1919 Machine Gun Team
Bazooka Squad
Air Support Center
Selects Paratrooper Squad Paradrop
Paratrooper Squad Paradrop
P-47 Strafing Run
M3 Armored Personnel Carrier
Construct Medical Station
Construct Motor Pool
M24 Chaffee Light Tank
P-47 Strafing Run
Engineer Squad
Paratrooper Squad Paradrop
Selects Anti-tank Gun Team Paradrop
Selects Smoke Bombing Run
M24 Chaffee Light Tank
Paratrooper Squad Paradrop
Anti-tank Gun Team Paradrop
Paratrooper Squad Paradrop
Selects Supply Drop
Selects Dual P-47 Rocket Strike
Supply Drop
Bazooka Squad
P-47 Strafing Run
Construct Tank Depot
Dual P-47 Rocket Strike
P-47 Dive Bomb
Grasshopper Recon Run
MikoMikoSpark
Brother
0
0
Comments
sign in to comment!
No comments posted yet!